Map: White Rabbit LE

Players

SCIInewby

  • Race: Protoss Protoss
  • League: Master
  • Spawn Location: 1:00

Phobos - Winner!

  • Race: Terran Terran
  • League: Silver
  • Spawn Location: 7:00

VOD

Have the link to the VOD?

Description

Time

  • Played on: Feb. 7, 2026, 1:25 p.m.
  • Length: 5:44
Show
View Real Time Build Order
Export as new Build Order

SCIInewby Protoss 

Build Orders: 1 Gate Expand 

Get SALT Encoding   

  12  0:01  Probe  
  13  0:13  Probe  
  14  0:20  Pylon  
  14  0:30  Probe  
  15  0:40  Gateway  
  15  0:43  Probe  
  16  0:55  Probe  
  17  1:16  Probe  
  18  1:28  Probe  
  18  1:32  Nexus  
  19  1:38  Forge  
  19  1:52  Pylon  
  19  1:59  Assimilator  
  19  2:00  Pylon  
  18  2:09  Zealot  
  18  2:10  Pylon  
  18  2:13  Probe  
  21  2:24  Photon Cannon, Probe  
  22  2:32  Probe  
  23  2:40  Probe  
  23  2:41  Assimilator  
  23  2:51  Probe  
  24  2:52  Photon Cannon  
  24  2:57  Probe  
  25  3:02  Photon Cannon  
  26  3:11  Cybernetics Core  
  26  3:19  Pylon  
  26  3:22  Zealot  
  26  3:24  Probe  
  26  3:26  Probe  
  30  3:36  Photon Cannon  
  30  3:48  Probe x2  
  32  3:55  Pylon  
  32  4:00  Probe x2  
  34  4:12  Probe x2  
  36  4:20  Gateway  
  34  4:24  Probe  
  34  4:30  Photon Cannon  
  33  4:34  Shield Battery  
  33  4:37  Photon Cannon  
  33  4:47  Photon Cannon  
  33  4:49  Pylon  
  33  4:55  Pylon  
  33  4:56  Pylon  
  33  5:05  Photon Cannon  
  33  5:17  Probe  
  31  5:41  Pylon  
Show
View Real Time Build Order
Export as new Build Order

Phobos Terran - Winner!

Build Orders:  

Get SALT Encoding   

  12  0:00  SCV  
  13  0:13  Supply Depot  
  13  0:18  SCV  
  14  0:30  SCV  
  15  0:39  Barracks  
  16  0:42  SCV  
  16  0:54  Barracks  
  16  1:07  Barracks  
  16  1:17  Barracks  
  16  1:31  Barracks  
  16  1:35  Marine  
  17  1:45  Marine  
  18  1:53  Marine  
  19  1:57  Supply Depot  
  19  1:59  Marine  
  20  2:03  Marine  
  20  2:06  Marine  
  22  2:11  Marine  
  23  2:18  Marine x2  
  25  2:24  Marine  
  25  2:25  Marine  
  27  2:34  Supply Depot  
  27  2:47  Marine x4  
  31  2:59  Marine  
  32  3:07  Marine x4  
  36  3:17  Marine  
  37  3:25  Marine x2  
  39  3:29  Supply Depot  
  39  3:38  Orbital Command  
  39  3:50  Marine x5  
  44  4:02  Supply Depot  
  44  4:08  Marine x3  
  47  4:14  Marine  
  47  4:15  Marine  
  47  4:26  Marine x3  
  46  4:36  Marine  
  46  4:37  Marine  
  47  4:44  Marine x2  
  49  4:48  Marine  
  50  4:54  Marine  
  50  4:55  Marine  
  52  5:02  Marine x2  
  52  5:06  Marine  
  55  5:13  Marine x2  
  55  5:19  Marine x2  
  56  5:24  Marine  
Tags
 
Add a new tag
Caveats
  • Supply blocks, unpowered buildings, or Contaminate may cause inaccurate times.
  • Supply counts are checked every 10 seconds.